 Dungeon Crawl Stone Soup version 0.20-a0-738-gb057e68 (webtiles) character file.

347648 Vakaro the Imperceptible (level 21, -7/116 HPs)
             Began as a Spriggan Enchanter on Feb 24, 2017.
             Was the Champion of Dithmenos.
             Mangled by a vault guard
             ... wielding a +0 great mace
              (21 damage)
             ... on level 5 of the Vaults.
             The game lasted 04:40:08 (80648 turns).

Vakaro the Imperceptible (Spriggan Enchanter)      Turns: 80648, Time: 04:40:10

Health: -7/116     AC:  6    Str:  9    XL:     21   Next: 21%
Magic:  38/45      EV: 40    Int: 26    God:    Dithmenos [******]
Gold:   1166       SH: 16    Dex: 24    Spells: 16/59 levels left

rFire    . . .     SeeInvis +   v - +9 quick blade (freeze)
rCold    . . .     Gourm    .   P - +2 robe {MR+}
rNeg     + + .     Faith    .   L - +3 buckler {rPois}
rPois    +         Spirit   .   C - +2 hat
rElec    +         Reflect  +   (no cloak)
rCorr    .         Harm     .   (gloves unavailable)
MR       ++++.     Clarity  +   (boots unavailable)
Stlth    ++++++++++             n - +3 amulet of reflection
Regen    0.3/turn               I - ring of Qimugen {rElec rPois rN++ Int+5}
MPRegen  0.3/turn               Y - ring of Baxocuh {rElec Str+5}

@: very slightly contaminated, wreathed by umbra, studying Slings, invisible,
very quick
A: unfitting armour, horns 1, see invisible, clarity, clever 1, herbivore 3,
speed 3, slow metabolism 2
}: 2/15 runes: decaying, gossamer
a: Shadow Step, Shadow Form, Renounce Religion


You were on level 5 of the Vaults.
You worshipped Dithmenos.
Dithmenos was exalted by your worship.
You were not hungry.

You visited 7 branches of the dungeon, and saw 37 of its levels.
You also visited: Labyrinth.

You collected 4096 gold pieces.
You spent 2930 gold pieces at shops.

Inventory:

Hand Weapons
 f - a +3 rapier of electrocution
 v - a +9 quick blade of freezing (weapon)
 X - a +0 shortbow
Missiles
 F - 760 arrows
Armour
 a - the -2 cloak of Saxefuc {rC++ MR++}
   (You bought it in a shop on level 8 of the Dungeon)

   It greatly protects you from cold.
   It affects your resistance to hostile enchantments.
 C - a +2 hat (worn)
 L - a +3 buckler of poison resistance (worn)
 P - a +2 robe of magic resistance (worn)
Jewellery
 n - a +3 amulet of reflection (around neck)
 w - a +5 ring of dexterity
 I - the ring of Qimugen (right hand) {rElec rPois rN++ Int+5}
   (You found it on level 6 of the Lair of Beasts)

   [ring of poison resistance]

   It affects your intelligence (+5).
   It insulates you from electricity.
   It protects you from poison.
   It greatly protects you from negative energy.
 Y - the ring of Baxocuh (left hand) {rElec Str+5}
   (You found it on level 14 of the Dungeon)

   [ring of strength]

   It affects your strength (+5).
   It insulates you from electricity.
Wands
 c - a wand of confusion (44/48)
 g - a wand of paralysis (23/24)
 k - a wand of polymorph (3/24)
 p - a wand of paralysis (9/24)
 u - a wand of enslavement (6/24)
 z - a wand of digging (9/24)
 G - a wand of acid (2/15)
 M - a wand of iceblast (4/15)
 N - a wand of iceblast (0/15)
 Q - a wand of confusion (25/48)
Scrolls
 b - 3 scrolls of amnesia
 i - 3 scrolls of magic mapping
 r - 7 scrolls of blinking
 t - a scroll of enchant weapon
 y - 7 scrolls of fog
 A - a scroll of recharging
 B - 3 scrolls of fear
 D - 12 scrolls of remove curse
 K - 16 scrolls of teleportation
 S - 5 scrolls of identify
Potions
 e - 2 potions of curing
 j - 8 potions of lignification
 l - 4 potions of magic
 m - 5 potions of cancellation
 o - a potion of ambrosia
 q - a potion of mutation
 s - a potion of berserk rage
 x - 5 potions of brilliance
 E - a potion of resistance
 H - a potion of haste
 O - 4 potions of flight
Books
 J - a manual of Slings
Comestibles
 d - 12 bread rations
 R - a royal jelly


   Skills:
 + Level 14.5 Fighting
 - Level 5.0 Short Blades
 - Level 5.0 Bows
 + Level 22.7 Dodging
 + Level 26.2 Stealth
 - Level 9.2 Shields
 + Level 19.6 Spellcasting
 - Level 12.2 Hexes
 - Level 6.0 Invocations


You had 16 spell levels left.
You knew the following spells:

 Your Spells              Type           Power        Failure   Level  Hunger
a - Ensorcelled Hibernat  Hex/Ice        ######       1%          2    None
b - Corona                Hex            ######.      0%          1    None
c - Confuse               Hex            ######..     1%          3    None
d - Dazzling Spray        Conj/Hex       ######       1%          3    None
e - Spectral Weapon       Hex/Chrm       ######..     1%          3    None
f - Tukima's Dance        Hex            ######..     1%          3    None
g - Passwall              Tmut/Erth      ####......   2%          2    None
h - Invisibility          Hex            ######..     1%          6    ##.....
i - Cause Fear            Hex            ######....   1%          4    None
j - Silence               Hex/Air        ######....   4%          5    None
k - Portal Projectile     Hex/Tloc       ######       1%          3    None
l - Petrify               Tmut/Erth      ####....     21%         4    None
m - Apportation           Tloc           ####..       1%          1    None
n - Lesser Beckoning      Tloc           ####......   8%          3    None


Dungeon Overview and Level Annotations

Branches:
Dungeon (15/15)            Temple (1/1) D:6            Lair (6/6) D:8
  Swamp (4/4) Lair:3       Spider (4/4) Lair:4        Slime (0/5) Lair:5
    Orc (2/2) D:9             Elf (0/3) Orc:2        Vaults (5/5) D:13
  Crypt (0/3) Vaults:2     Depths (0/5) D:15

Altars:
Ashenzari
Cheibriados
Dithmenos
Elyvilon
Fedhas
Gozag
Hepliaklqana
Kikubaaqudgha
Makhleb
Nemelex Xobeh
Okawaru
Qazlal
Ru
Sif Muna
Trog
Uskayaw
Vehumet
Wu Jian
Xom
Yredelemnul
Zin
The Shining One
Beogh

Shops:
D:4 *   D:8 **   D:15 ?:%   Orc:2 *=?=   Vaults:1 [   Vaults:2 (   Vaults:3 %


Innate Abilities, Weirdness & Mutations

You are very small and have problems with some larger weapons.
You are too small for most types of armour.
You have supernaturally acute eyesight. (SInv)
You are a herbivore.
You cover ground extremely quickly.
You need consume almost no food.
You have a pair of small horns on your head.
You possess an exceptional clarity of mind.
Your mind is acute. (Int +2)


Message History

Your shadow hits the ettin with a quick blade.
You catch the helpless ettin completely off-guard!
You perforate the ettin like a sieve!!! You freeze the ettin!!
You kill the ettin!
Dithmenos accepts your kill. You block the vault guard's attack.
Items here: )))) ÷ a dire flail x3; a great mace; an ettin skeleton
Casting: Invisibility
Confirm with . or Enter, or press ? or * to list all spells.
You draw out your weapon's spirit!
You hit the vault guard but do no damage.
Your shadow hits the vault guard but does no damage.
You hit the vault guard. You freeze the vault guard.
The vault guard is lightly wounded.
Your shadow hits the vault guard but does no damage.
Your spectral weapon hits the vault guard.
Your spectral weapon freezes the vault guard.
The vault guard hits you with a great mace!!
You die...

#..#...# #...[?)[
#..#...# ###).).[
#..#...# ##[[|#
#..##..# ##)##
#..##..# ...#
#..##..## #####
#..##...###
#..###....#########
#(@##.e............
#.p#..#..##########
#.e...##...e.e..§§§
#....##############
#..)))....)........
#..................
###################


You could see a vault guard, a deep elf elementalist and a friendly spectral
quick blade of freezing.

Vanquished Creatures
  Saint Roka (Vaults:2)
  Nikola (Spider:4)
  The ghost of Execuda the Brawler, an adept TrFi of Cheibriados (Vaults:2)
  Jorgrun (Spider:2)
  3 tentacled monstrosities (Vaults:5)
  The ghost of loom the Executioner, an adept MiBe of Trog (Vaults:2)
  A titan (Vaults:5)
  A thorn hunter (Swamp:4)
  Gastronok (Lair:3)
  2 storm dragons (Vaults:5)
  Frances (Spider:2)
  A sphinx (Vaults:2)
  A deep elf sorcerer (Vaults:4)
  A fire giant (Vaults:3)
  10 vault wardens
  5 ghost moths
  An orc warlord (Vaults:3)
  5 emperor scorpions
  Louise (Swamp:1)
  Aizul (Swamp:3)
  6 stone giants
  15 ironheart preservers
  A war gargoyle (Vaults:5)
  3 very ugly things (Vaults:4)
  3 vampire knights (Vaults:2)
  8 entropy weavers
  4 deep elf demonologists
  2 deep elf annihilators
  4 spark wasps
  3 fire dragons
  A dire elephant (Lair:6)
  2 deep elf death magi (Vaults:4)
  4 ettins
  A minotaur (Lab)
  10 yaktaur captains
  9 ogre magi
  4 great orbs of eyes
  2 ice dragons
  4 centaur warriors
  17 hydras
  18 vault guards
  A ghost crab (Swamp:2)
  2 catoblepae
  26 two-headed ogres
  Erica (D:10)
  9 alligators
  3 death knights
  A queen ant (Spider:4)
  12 death yaks
  4 tengu warriors
  Urug (Lair:3)
  A deep troll shaman (Lair:6)
  An orc high priest (Orc:1)
  7 deep elf knights
  A shadow wraith (Vaults:4)
  9 spriggans
  3 unseen horrors
  A deep troll (shapeshifter) (Vaults:5)
  A spriggan druid (Swamp:2)
  A wizard (Vaults:2)
  A sea snake (shapeshifter) (Vaults:4)
  4 skeletal warriors
  11 swamp dragons
  3 phantasmal warriors
  3 deep trolls
  6 deep elf archers
  Pikel (D:7)
  The ghost of luab the Thaumaturge, a novice DEEE of Sif Muna (D:7)
  20 ironbrand convokers
  23 orc knights
  3 necromancers
  47 wolf spiders
  9 harpies
  2 oklob plants (Spider:2)
  17 orb spiders
  4 shambling mangroves
  2 manticores (D:15)
  An orc sorcerer (D:15)
  16 deep elf magi
  11 cyclopes
  4 moths of wrath
  26 ugly things
  A frost giant zombie (Vaults:3)
  16 elephants
  A salamander (D:15)
  2 salamanders (shapeshifter)
  2 centaur zombies
  A moth of wrath (shapeshifter) (D:12)
  5 black mambas
  Psyche (D:8)
  An eye of devastation (shapeshifter) (D:15)
  3 torpor snails (Spider:4)
  12 vault sentinels
  4 centaur skeletons
  21 spiny frogs
  A human zombie (Vaults:3)
  23 yaktaurs
  4 rime drakes
  6 freezing wraiths
  15 demonic crawlers
  A redback zombie (D:15)
  8 komodo dragons
  2 efreet
  A tengu conjurer (D:12)
  16 trolls
  A polar bear (shapeshifter) (Vaults:3)
  6 meliai (D:15)
  41 hornets
  5 tyrant leeches
  38 jumping spiders
  2 polar bears
  A blink frog (shapeshifter) (D:14)
  21 blink frogs
  A hippogriff (shapeshifter) (Vaults:3)
  A harpy skeleton (D:14)
  A raiju (shapeshifter) (Vaults:1)
  11 hippogriffs
  An ettin zombie (Vaults:3)
  A frost giant simulacrum (Vaults:4)
  4 dream sheep (Lair:4)
  5 bog bodies
  27 slime creatures
  A centaur simulacrum (D:12)
  6 shadows
  100 redbacks
  5 wyverns
  46 tarantellas
  6 wraiths
  40 yaks
  8 basilisks
  4 hungry ghosts
  21 vampire mosquitoes
  2 steam dragons
  2 human simulacra
  A warg (shapeshifter) (Vaults:2)
  Menkaure (D:5)
  6 acid dragons
  13 swamp worms
  10 wargs
  16 soldier ants (Spider:4)
  10 insubstantial wisps
  A soldier ant (shapeshifter) (D:15)
  14 water moccasins
  35 orc warriors
  A porcupine (shapeshifter) (Vaults:2)
  6 ice beasts
  18 porcupines
  19 swamp drakes
  3 black bears
  5 sky beasts
  3 eyes of draining
  44 ogres
  5 boggarts (D:14)
  2 phantoms
  26 wolves
  7 necrophages
  8 centaurs
  14 crocodiles
  4 big kobolds
  16 bullfrogs
  A glowing shapeshifter simulacrum (Vaults:1)
  5 scorpions
  2 wyvern skeletons
  14 wights
  21 killer bees
  3 howler monkeys
  4 electric eels
  2 jellies
  8 crimson imps
  3 bullfrog zombies
  A quasit (D:14)
  17 orc priests
  6 hounds
  A jelly (shapeshifter) (Vaults:2)
  17 orc wizards
  3 bullfrog skeletons
  Jessica (D:5)
  5 iguanas
  24 worker ants
  A hound skeleton (D:4)
  Robin (D:4)
  7 gnolls
  18 adders
  3 shadow imps
  2 oozes (D:1)
  2 adder skeletons
  2 worms
  4 dart slugs (D:1)
  6 leopard geckos
  74 orcs
  9 giant cockroaches
  11 hobgoblins
  7 jackals
  8 quokkas
  5 ball pythons
  9 bats
  10 frilled lizards
  20 goblins
  A jackal zombie (D:6)
  33 kobolds
  A quokka zombie (D:9)
  7 rats
  A fungus (Lair:5)
1684 creatures vanquished.

Vanquished Creatures (collateral kills)
  A jumping spider (Spider:2)
  A hornet (Spider:4)
  A redback (Spider:3)
  An ogre (Vaults:4)
  An orc wizard (Vaults:4)
5 creatures vanquished.

Vanquished Creatures (others)
  A deep elf annihilator (Vaults:3)
  A centaur warrior (Vaults:4)
  A shadow wraith (Vaults:3)
  An ironbrand convoker (Vaults:1)
  An orb spider (Spider:1)
  A vault sentinel (Vaults:3)
  3 yaktaurs
  A jumping spider (Spider:4)
  2 redbacks
  A tarantella (Spider:4)
  A warg (Vaults:2)
  2 slaves (D:7)
  A centaur (Vaults:4)
  A bullfrog (D:7)
  2 adders
  7 orcs
  A jackal skeleton (D:6)
  12 fungi
  16 plants
  11 spectral weapons
67 creatures vanquished.

Grand Total: 1756 creatures vanquished

Notes
Turn   | Place    | Note
-------+----------+-------------------------------------------
     0 | D:1      | Vakaro the Spriggan Enchanter began the quest for the Orb.
     0 | D:1      | Reached XP level 1. HP: 9/9 MP: 5/5
   137 | D:1      | Reached XP level 2. HP: 13/13 MP: 7/7
   151 | D:1      | Learned a level 2 spell: Ensorcelled Hibernation
  1636 | D:1      | Reached XP level 3. HP: 12/16 MP: 6/9
  1655 | D:1      | Learned a level 3 spell: Confuse
  1659 | D:1      | Learned a level 3 spell: Dazzling Spray
  3297 | D:2      | Reached skill level 5 in Hexes
  3300 | D:2      | Reached XP level 4. HP: 14/21 MP: 11/11
  3874 | D:3      | Reached skill level 5 in Stealth
  4328 | D:3      | Found a sacrificial altar of Ru.
  4486 | D:3      | Reached skill level 6 in Stealth
  4560 | D:3      | Reached XP level 5. HP: 9/24 MP: 2/12
  5284 | D:4      | Found Pics's Assorted Antiques.
  5292 | D:4      | Bought a scroll labeled OPPYMAXZUE for 22 gold pieces
  5292 | D:4      | Bought a scroll labeled ITHOPT RIOST for 22 gold pieces
  5812 | D:4      | Reached skill level 7 in Stealth
  6714 | D:4      | Reached skill level 8 in Stealth
  6714 | D:4      | Reached XP level 6. HP: 22/28 MP: 8/13
  6830 | D:4      | Noticed Robin
  7156 | D:4      | Killed Robin
  7364 | D:4      | Reached skill level 9 in Stealth
  7589 | D:4      | Found a snail-covered altar of Cheibriados.
  7633 | D:4      | Reached skill level 10 in Stealth
  7883 | D:5      | Entered Level 5 of the Dungeon
  7895 | D:5      | Noticed Menkaure
  8027 | D:5      | Noticed Jessica
  8033 | D:5      | Killed Jessica
  8089 | D:5      | Found a deep blue altar of Sif Muna.
  8467 | D:5      | Reached skill level 11 in Stealth
  8467 | D:5      | Reached XP level 7. HP: 32/32 MP: 11/14
  8685 | D:5      | Found a faded altar of an unknown god.
  8685 | D:5      | Found a deep blue altar of Sif Muna.
  8687 | D:5      | Reached skill level 12 in Stealth
  8692 | D:5      | Found an opulent altar of Gozag.
  8697 | D:5      | Found a faded altar of an unknown god.
  8699 | D:5      | Found a sacrificial altar of Ru.
  8801 | D:5      | Killed Menkaure
  8914 | D:5      | Reached skill level 13 in Stealth
  8914 | D:5      | Reached XP level 8. HP: 36/36 MP: 15/15
  8923 | D:6      | Found a staircase to the Ecumenical Temple.
  8929 | Temple   | Entered the Ecumenical Temple
  8968 | Temple   | Became a worshipper of Dithmenos the Shadowed
  9196 | D:6      | Found a hazy altar of Hepliaklqana.
  9330 | D:6      | Found a shimmering altar of Xom.
 10001 | D:6      | Reached skill level 1 in Fighting
 10728 | D:6      | Reached skill level 5 in Spellcasting
 11159 | D:6      | Reached * piety under Dithmenos
 11620 | D:7      | Noticed Pikel
 11648 | D:7      | Killed Pikel
 11648 | D:7      | Reached skill level 5 in Dodging
 11648 | D:7      | Reached skill level 14 in Stealth
 11648 | D:7      | Reached XP level 9. HP: 33/42 MP: 10/18
 12729 | D:7      | Noticed luab's ghost (novice DEEE)
 12740 | D:7      | Killed luab's ghost
 13273 | D:8      | Reached ** piety under Dithmenos
 13621 | D:7      | Reached XP level 10. HP: 49/49 MP: 14/21
 13725 | D:8      | Reached skill level 5 in Short Blades
 13951 | D:8      | Reached skill level 1 in Invocations
 14077 | D:8      | Found a staircase to the Lair.
 14082 | D:8      | Reached skill level 15 in Stealth
 14141 | D:8      | Noticed Psyche
 14152 | D:8      | Killed Psyche
 14378 | D:8      | Found Ecsu's Assorted Antiques.
 14413 | D:8      | Bought a distressingly furry cloak for 351 gold pieces
 14418 | D:8      | Identified the cursed -2 cloak of Saxefuc {rC++ MR++} (You bought it in a shop on level 8 of the Dungeon)
 14510 | D:8      | Found Zin's Purification Station.
 14515 | D:8      | Found a glowing silver altar of Zin.
 15083 | D:9      | Gained mutation: You occasionally shout uncontrollably at your foes. [potion of mutation]
 15083 | D:9      | Gained mutation: You possess an exceptional clarity of mind. [potion of mutation]
 15084 | D:9      | Lost mutation: You possess an exceptional clarity of mind. [potion of mutation]
 15084 | D:9      | Lost mutation: You occasionally shout uncontrollably at your foes. [potion of mutation]
 15084 | D:9      | Gained mutation: Your mind is acute. (Int +2) [potion of mutation]
 15084 | D:9      | Gained mutation: You have a pair of small horns on your head. [potion of mutation]
 15154 | D:9      | Noticed a skeletal warrior
 15158 | D:9      | Killed a skeletal warrior
 15167 | D:9      | Noticed a five-headed hydra
 15169 | D:9      | Noticed a deep elf mage
 15170 | D:9      | Killed a five-headed hydra
 15173 | D:9      | Killed a deep elf mage
 15182 | D:9      | Learned a level 3 spell: Spectral Weapon
 15193 | D:9      | Reached XP level 11. HP: 54/54 MP: 24/24
 15279 | D:9      | Reached *** piety under Dithmenos
 15360 | D:9      | You fall through a shaft for 3 floors!
 15392 | D:12     | Noticed a purple ugly thing
 15525 | D:10     | Entered Level 10 of the Dungeon
 15738 | D:9      | Found a staircase to the Orcish Mines.
 16062 | D:10     | Found a white marble altar of Elyvilon.
 16208 | D:10     | Noticed Erica
 16216 | D:10     | Killed Erica
 16216 | D:10     | Reached skill level 5 in Fighting
 16256 | D:10     | Noticed a tengu warrior
 16282 | D:10     | Killed a tengu warrior
 16548 | D:10     | Reached **** piety under Dithmenos
 16614 | D:10     | Noticed a tengu warrior
 16623 | D:10     | Killed a tengu warrior
 16623 | D:10     | Reached skill level 16 in Stealth
 16832 | D:10     | Reached skill level 10 in Dodging
 18234 | D:11     | Noticed a purple ugly thing
 18238 | D:11     | Killed a purple ugly thing
 18297 | D:11     | Reached ***** piety under Dithmenos
 19370 | D:12     | Killed a purple ugly thing
 19480 | D:12     | Reached skill level 5 in Invocations
 19557 | D:12     | Identified a scroll of acquirement
 19596 | D:12     | Reached XP level 12. HP: 60/60 MP: 26/26
 19779 | D:12     | Reached skill level 10 in Hexes
 19905 | D:12     | Noticed a five-headed hydra
 19908 | D:12     | Killed a five-headed hydra
 19921 | D:12     | Noticed a two-headed ogre
 19925 | D:12     | Killed a two-headed ogre
 19925 | D:12     | Reached skill level 17 in Stealth
 19925 | D:12     | Reached skill level 10 in Spellcasting
 19939 | D:12     | Got a steaming falchion
 20613 | D:13     | Identified the +3 falchion "Cill" {freeze, Dex+3} (You found it on level 12 of the Dungeon)
 20617 | D:13     | Noticed a tengu warrior
 20618 | D:13     | Noticed a tengu warrior
 20643 | D:13     | Killed a tengu warrior
 20649 | D:13     | Killed a tengu warrior
 20704 | D:13     | Got a warped platinum amulet
 20711 | D:13     | Found a gate to the Vaults.
 20711 | D:13     | Noticed a vault guard
 20711 | D:13     | Noticed a vault guard
 20711 | D:13     | Noticed a vault guard
 20711 | D:13     | Noticed a five-headed hydra
 20711 | D:13     | Noticed a vault guard
 20797 | D:13     | Noticed a two-headed ogre
 20811 | D:13     | Killed a two-headed ogre
 21407 | D:13     | Killed a vault guard
 21560 | D:11     | Reached XP level 13. HP: 51/67 MP: 10/28
 21786 | Lair:1   | Entered Level 1 of the Lair of Beasts
 22940 | Lair:1   | You fall through a shaft!
 22940 | Lair:2   | Found a labyrinth entrance.
 22958 | Lair:2   | Identified the amulet of Secrets {Harm *Drain Int+4 Dex+4} (You found it on level 13 of the Dungeon)
 22972 | Lab      | Entered a labyrinth
 23122 | Lab      | Noticed a minotaur
 23130 | Lab      | Killed a minotaur
 23232 | Lair:2   | Learned a level 3 spell: Tukima's Dance
 23487 | Lair:2   | Reached skill level 18 in Stealth
 23973 | Lair:2   | Reached ****** piety under Dithmenos
 24354 | Lair:3   | Learned a level 2 spell: Passwall
 24402 | Lair:3   | Learned a level 4 spell: Petrify
 24465 | Lair:3   | Noticed Urug
 24474 | Lair:3   | Killed Urug
 24478 | Lair:3   | Found a staircase to the Swamp.
 25168 | Lair:3   | Noticed Gastronok
 25178 | Lair:3   | Killed Gastronok
 26325 | Lair:4   | Reached skill level 1 in Bows
 27009 | Lair:4   | Reached XP level 14. HP: 73/73 MP: 31/31
 27021 | Lair:4   | Found a hole to the Spider Nest.
 27971 | Lair:5   | Reached skill level 19 in Stealth
 28300 | Lair:5   | Found a staircase to the Slime Pits.
 28403 | Lair:6   | Entered Level 6 of the Lair of Beasts
 30130 | Lair:6   | Reached skill level 5 in Bows
 30942 | Lair:6   | Reached skill level 15 in Dodging
 30977 | Lair:6   | Got a twitching bone ring
 30994 | Lair:6   | Identified the ring of Qimugen {rElec rPois rN++ Int+5} (You found it on level 6 of the Lair of Beasts)
 31829 | Orc:1    | Entered Level 1 of the Orcish Mines
 31849 | D:9      | Reached XP level 15. HP: 79/79 MP: 20/33
 32231 | Orc:1    | Reached skill level 20 in Stealth
 32368 | Orc:1    | Found a burning altar of Makhleb.
 32428 | Orc:1    | Found a roughly hewn altar of Beogh.
 32664 | Orc:2    | Entered Level 2 of the Orcish Mines
 32760 | Orc:2    | Found a staircase to the Elven Halls.
 33309 | Orc:1    | You fall through a shaft!
 33691 | Orc:2    | Found Liecoilo's Magic Scroll Shoppe.
 33731 | Orc:2    | Found Pustinum's Assorted Antiques.
 33743 | Orc:2    | Found Zanitzom's Jewellery Shop.
 34712 | Orc:2    | Found Nis Dips's Jewellery Shoppe.
 34780 | Orc:2    | Bought a +3 amulet of reflection for 219 gold pieces
 34792 | Orc:2    | Bought a potion of magic for 248 gold pieces
 34792 | Orc:2    | Bought a scroll of teleportation for 93 gold pieces
 34792 | Orc:2    | Bought a scroll of fear for 108 gold pieces
 34792 | Orc:2    | Bought a potion of agility for 124 gold pieces
 34792 | Orc:2    | Bought a scroll of fear for 108 gold pieces
 34798 | Orc:2    | Bought a scroll of remove curse for 42 gold pieces
 34798 | Orc:2    | Bought a scroll of blinking for 105 gold pieces
 34798 | Orc:2    | Bought a scroll of teleportation for 42 gold pieces
 34798 | Orc:2    | Bought a scroll of identify for 28 gold pieces
 34798 | Orc:2    | Bought a scroll of remove curse for 42 gold pieces
 34798 | Orc:2    | Bought 3 scrolls of teleportation for 126 gold pieces
 34798 | Orc:2    | Bought a scroll of blinking for 105 gold pieces
 34798 | Orc:2    | Bought 3 scrolls of identify for 84 gold pieces
 34798 | Orc:2    | Bought a scroll of immolation for 49 gold pieces
 34801 | Orc:2    | Bought a scroll of teleportation for 42 gold pieces
 35475 | D:13     | Reached skill level 10 in Fighting
 36143 | D:14     | Got a twitching lapis lazuli ring
 36144 | D:14     | Identified the ring of Baxocuh {rElec Str+5} (You found it on level 14 of the Dungeon)
 37238 | D:15     | Entered Level 15 of the Dungeon
 37241 | D:15     | Found Owuakh's Book Boutique.
 37431 | D:15     | Reached skill level 21 in Stealth
 37458 | D:15     | Found a staircase to the Depths.
 37589 | D:15     | Found Piano's Magic Scroll Shoppe.
 37613 | D:15     | Bought a scroll of enchant weapon for 120 gold pieces
 38107 | D:15     | Found Baetet's Food Emporium.
 38275 | D:15     | Reached XP level 16. HP: 86/86 MP: 27/35
 39383 | Swamp:1  | Entered Level 1 of the Swamp
 39443 | Swamp:1  | Learned a level 4 spell: Cause Fear
 39660 | Swamp:1  | Noticed Louise
 39665 | Swamp:1  | Killed Louise
 40224 | Swamp:1  | Learned a level 5 spell: Silence
 40228 | Swamp:1  | Learned a level 3 spell: Portal Projectile
 40661 | Swamp:1  | Reached skill level 15 in Spellcasting
 44693 | Swamp:2  | Reached skill level 22 in Stealth
 45345 | Swamp:3  | Found a glowing golden altar of the Shining One.
 45451 | Swamp:3  | Noticed Aizul
 45453 | Swamp:3  | Killed Aizul
 46389 | Swamp:4  | Entered Level 4 of the Swamp
 49213 | Swamp:4  | Reached XP level 17. HP: 91/91 MP: 37/37
 49822 | Swamp:4  | Got a decaying rune of Zot
 50547 | Spider:1 | Entered Level 1 of the Spider Nest
 52110 | Spider:2 | Noticed Frances
 52112 | Spider:2 | Killed Frances
 52750 | Spider:2 | Noticed Jorgrun
 52753 | Spider:2 | Killed Jorgrun
 53160 | Spider:2 | Reached skill level 23 in Stealth
 57258 | Spider:2 | Reached XP level 18. HP: 98/98 MP: 37/40
 57907 | Spider:4 | Entered Level 4 of the Spider Nest
 58723 | Spider:4 | Paralysed by a hornet for 2 turns
 60226 | Spider:4 | Noticed Nikola
 60318 | Spider:4 | Killed Nikola
 60318 | Spider:4 | Reached skill level 24 in Stealth
 63928 | Spider:4 | Got a gossamer rune of Zot
 64404 | Vaults:1 | Entered Level 1 of the Vaults
 64491 | D:15     | Bought a book of Party Tricks for 850 gold pieces
 64499 | D:15     | Learned a level 6 spell: Invisibility
 64501 | D:15     | Learned a level 1 spell: Apportation
 64505 | D:15     | Learned a level 3 spell: Lesser Beckoning
 66161 | Vaults:1 | Found Ypneduh's Antique Armour Shoppe.
 66406 | Vaults:1 | Reached skill level 1 in Shields
 66929 | Vaults:1 | Reached XP level 19. HP: 104/104 MP: 37/42
 67659 | Vaults:2 | Noticed loom's ghost (adept MiBe)
 67698 | Vaults:2 | Killed loom's ghost
 67876 | Vaults:2 | Noticed Execuda's ghost (adept TrFi)
 67948 | Vaults:2 | Killed Execuda's ghost
 67948 | Vaults:2 | Reached skill level 5 in Shields
 68555 | Vaults:2 | Found a staircase to the Crypt.
 68586 | Vaults:2 | Found Ceuk's Weapon Shop.
 70278 | Vaults:2 | Noticed Saint Roka
 70308 | Vaults:2 | Killed Saint Roka
 71037 | Vaults:3 | Found Vycarhiy's Food Boutique.
 72455 | Vaults:3 | Reached XP level 20. HP: 70/109 MP: 35/43
 73751 | Vaults:3 | Reached skill level 25 in Stealth
 74839 | Vaults:4 | Gained mutation: You possess an exceptional clarity of mind. [mutagenic glow]
 79485 | Vaults:5 | Entered Level 5 of the Vaults
 79485 | Vaults:5 | Noticed a golden dragon
 79680 | Vaults:5 | Reached XP level 21. HP: 90/115 MP: 26/45
 79996 | Vaults:5 | Reached skill level 26 in Stealth
 80648 | Vaults:5 | Mangled by a vault guard

Vault maps used:
D:1:      saegor_arrival_simple_c, serial_park_tiny_pond, amethyst_killhole,
          minmay_nonomino_d4
D:2:      st_stairs_3, minmay_misc_feat_tiny, serial_bayou_lake_a
D:3:      nicolae_ru_awakened_eye
D:4:      kennysheep_goblin_castle, first_bread, serial_shops, shop,
          kennysheep_donut, st_stairs_10, cheibriados_altar_1
D:5:      chequers_temple_overflow_minitemple, tgw_sif, uniq_menkaure
D:6:      overflow_temple_1_default, minmay_temple_entry_purple_smoke,
          kennysheep_small_spiral, xom_confusion_cloud
D:7:      uniq_pikel
D:8:      mumra_celtic_spiral_tile, zin_purify, minmay_lair_entry_grove,
          serial_shops, nicolae_shop_statue_plus, uniq_psyche
D:9:      minmay_blocky_corners, orc_0_dummy, grunt_ogre_cave,
          kennysheep_diamond
D:10:     elyvilon_altar_3, uniq_erica
D:11:     portal_ice_cave_entry_pillars_1
D:12:     minmay_triangles_in_corner
D:13:     lightli_vaults_fourway_checkpoint
D:14:     minmay_misc_feat_columns
D:15:     hangedman_depths_entry_try_elsewhere_first, serial_shops,
          nicolae_shop_waterfront, shop_fountains, shop
Temple:   regret_index_temple_sphere_string
Lair:2:   lab_entry_generic, beast_lair_carwin_2, grunt_megastairs_5
Lair:3:   minmay_lair_venomous_thicket, minmay_swamp_entry_reptiles,
          beast_lair_carwin_6, infiniplex_staircase_pool_2, grunt_megastairs_3,
          uniq_urug, uniq_gastronok
Lair:4:   nicolae_spider_entry_non_spiders
Lair:5:   dpeg_slime_entry_corner, roderic_carrion_pond
Lair:6:   grunt_lair_end_beastmaster, st_stairs_11
Swamp:1:  evilmike_swamp_ruin_house_5, swamp_pool1, uniq_louise
Swamp:2:  evilmike_swamp_ruin_house_3
Swamp:3:  basic_altar, swamp_pool1, uniq_aizul
Swamp:4:  swamp_alternative, swamp_pool5
Spider:1: spider_trap
Spider:2: spider_temple_joshua, hangedman_spider_tarantella_strand,
          uniq_jorgrun, uniq_frances
Spider:4: spider_rune_water, minmay_another_anthill, uniq_nikola
Orc:1:    nicolae_orc_accident_2, basic_altar
Orc:2:    st_orc_open
Vaults:1: st_diamondy, nicolae_vaults_stairing_the_circle,
          vaults_standard_mumra_lines, vaults_room_ringed_pool,
          vaults_room_grunt_arrival_ludios, v_misc_18, v_misc_16,
          nicolae_vaults_ring_of_whatevers, nicolae_vaults_angled_halls,
          ontoclasm_vaults_decontamination, ontoclasm_vaults_pinch,
          vaults_mumra_chevron_long, ontoclasm_vaults_chip, serial_shops,
          shop_fountains
Vaults:2: nicolae_vaults_ring_of_whatevers, grunt_vaults_diagonal,
          vaults_room_door_hall, v_misc_2, nicolae_vaults_yaktaur_gun_rack,
          ontoclasm_vaults_chip, serial_ice_g, grunt_vaults_swirl,
          minmay_crypt_entry_simple_statues, serial_shops, nicolae_shop_trees,
          uniq_saint_roka
Vaults:3: dpeg_vaults_monster_box, hangedman_vaults_stream,
          nicolae_vaults_back_hallway, v_misc_25, v_misc_31,
          nicolae_vaults_hallways_thing, special_room_vaults,
          nicolae_vaults_asterisk, nicolae_vaults_theta, vaults_dpeg_doors,
          nicolae_vaults_little_squares_6, serial_shops, shop
Vaults:4: vaults_mumra_bighexcomb, ontoclasm_vaults_ring_square,
          nicolae_vaults_asterisk, vaults_dpeg_spiral, v_rooms_5, v_misc_1,
          v_alt_pattern_2, hangedman_vaults_slice, nicolae_vaults_what_the_h,
          serial_ice_b, v_rooms_1, vaults_dpeg_diagonal
Vaults:5: serial_shops, uniq_boris
Lab:      labyrinth_spiral, lab_block, nicolae_lab_quarters,
          nicolae_lab_very_dead_end, nicolae_lab_starburst

Skill      XL: |  1  2  3  4  5  6  7  8  9 10 11 12 13 14 15 16 17 18 19 20 21 |
---------------+----------------------------------------------------------------+-----
Spellcasting   | 3 4 5 6 8 9 10 12 13 14 15 17 18 19 | 19.6
Hexes          | 4 5 6 7 8 9 10 12 | 12.2
Stealth        | 6 8 11 13 14 15 16 17 18 19 21 22 23 24 25 26 | 26.2
Short Blades   | 3 4 5 |  5.0
Fighting       | 2 3 4 5 7 8 9 10 11 12 13 14 | 14.5
Dodging        | 5 7 8 10 12 13 15 16 18 19 21 22 | 22.7
Invocations    | 3 5 6 |  6.0
Bows           | 1 5 |  5.0
Shields        | 1 9 |  9.2

Action                   |  1- 3 |  4- 6 |  7- 9 | 10-12 | 13-15 | 16-18 | 19-21 || total
-------------------------+-------+-------+-------+-------+-------+-------+-------++-------
Melee: Dagger            |   129 |    75 |   259 |   396 |   117 |       |       ||   976
       Short sword       |    25 |   190 |       |       |       |       |       ||   215
       Headbutt          |       |       |       |    49 |   165 |   454 |   330 ||   998
       Quick blade       |       |       |       |       |  1080 |  2208 |  1301 ||  4589
 Fire: Shortbow          |       |       |       |       |     2 |       |       ||     2
Throw: Throwing net      |       |       |       |       |     1 |       |       ||     1
 Cast: Corona            |     8 |       |       |       |       |       |       ||     8
       Ensorcelled Hiber |    28 |    26 |    29 |    73 |   200 |   236 |    24 ||   616
       Confuse           |     8 |    33 |    49 |    53 |   148 |   318 |   109 ||   718
       Dazzling Spray    |       |       |       |       |    30 |    53 |    23 ||   106
       Spectral Weapon   |       |       |       |       |     6 |       |    21 ||    27
       Invisibility      |       |       |       |       |       |     5 |    37 ||    42
       Petrify           |       |       |       |       |       |     1 |       ||     1
       Tukima's Dance    |       |       |       |       |       |       |     1 ||     1
       Portal Projectile |       |       |       |       |       |       |     1 ||     1
Invok: Shadow Step       |       |       |       |     1 |     3 |    11 |     3 ||    18
 Abil: Evoke Invisibilit |       |       |       |       |     2 |       |       ||     2
Evoke: Wand              |       |       |     1 |     4 |       |    25 |       ||    30
       Phantom mirror    |       |       |       |       |       |       |     1 ||     1
  Use: Scroll            |     5 |    10 |     4 |     8 |    16 |    14 |    13 ||    70
       Potion            |       |       |       |    10 |     6 |    23 |     3 ||    42
 Stab: Sleeping          |    21 |    26 |    18 |   111 |   238 |   222 |    87 ||   723
       Confused          |     3 |     9 |    28 |    33 |    87 |   183 |    45 ||   388
       Distracted        |       |     1 |     2 |     2 |    17 |    14 |    14 ||    50
       Invisible         |       |       |       |     1 |    35 |    31 |   175 ||   242
       Held in net/web   |       |       |       |       |     2 |     2 |       ||     4
  Eat: Royal jelly       |     1 |     3 |     3 |     1 |     2 |     8 |     2 ||    20
       Fruit             |       |     2 |     2 |     7 |     5 |     6 |     6 ||    28
       Bread ration      |       |       |       |       |     2 |     1 |     1 ||     4
Armor: Robe              |    15 |     9 |       |     5 |    20 |    51 |    11 ||   111
       Animal skin       |       |       |     4 |       |       |       |       ||     4
Dodge: Dodged            |   112 |   196 |   152 |   232 |   924 |  2122 |   577 ||  4315
Block: Other             |       |       |       |       |    15 |   192 |    25 ||   232
       Reflection        |       |       |       |       |     1 |       |    21 ||    22
       Buckler           |       |       |       |       |       |       |   317 ||   317
